 Dungeon Crawl Stone Soup version 0.18.1-6-gd335043 (webtiles) character file.

26 oplop the Ducker (level 2, -1/21 HPs)
             Began as a Felid Berserker on May 16, 2016.
             Was a Believer of Trog.
             Slain by a hobgoblin
             ... wielding a +0 club
              (5 damage)
             ... on level 2 of the Dungeon.
             The game lasted 00:01:37 (1190 turns).

oplop the Ducker (Felid Berserker)                  Turns: 1190, Time: 00:01:38

Health: -1/21      AC:  1    Str: 18    XL:     2   Next: 89%
Magic:  3/3        EV: 19    Int:  8    God:    Trog [**....]
Gold:   39         SH:  0    Dex: 15    Spells: 0 memorised, 1 level left
                                        Lives:  0   Deaths: 0

rFire  . . .     SeeInvis +       - Unarmed
rCold  . . .     Gourm    .     (armour unavailable)
rNeg   . . .     Faith    .     (shield unavailable)
rPois  +         Spirit   .     (helmet unavailable)
rElec  .         Dismiss  .     (cloak unavailable)
rCorr  .         Reflect  .     (gloves unavailable)
SustAt .         Harm     .     (boots unavailable)
MR     .....                    (no amulet)
Stlth  ..........               (no ring)
                                h - ring of poison resistance

@: berserking, very quick, not resistant to hostile enchantments, extremely
unstealthy
A: no armour, no weapons or thrown items, claws 1, fangs 3, see invisible,
carnivore 3, speed 1, shaggy fur 1, slow metabolism 1, sharp paws
a: Berserk, Trog's Hand, Burn Spellbooks, Renounce Religion


You were on level 2 of the Dungeon.
You worshipped Trog.
Trog was pleased with you.
You were very full.

You visited 1 branch of the dungeon, and saw 2 of its levels.

You collected 39 gold pieces.

Inventory:

Jewellery
 h - a ring of poison resistance (left paw)
Scrolls
 b - 3 scrolls of identify {unknown}
 c - 3 scrolls of magic mapping {unknown}
 f - a scroll of fear {unknown}
 k - a scroll of remove curse {unknown}
 m - a scroll of noise {unknown}
Potions
 d - 2 potions of heal wounds {unknown}
 e - a potion of invisibility {unknown}
 g - a potion of flight {unknown}
 i - a potion of degeneration {unknown}
 l - 2 potions of curing {unknown}
Comestibles
 a - 2 meat rations
 j - a beef jerky


   Skills:
 + Level 3.3 Fighting
 + Level 4.7 Dodging
 + Level 1.1 Stealth
 + Level 3.2 Unarmed Combat


You had one spell level left.
You didn't know any spells.

Dungeon Overview and Level Annotations

Branches:
Dungeon (2/15)

Altars:


Innate Abilities, Weirdness & Mutations

You cannot wear armour.
You are incapable of wielding weapons or throwing items.
You have sharp claws.
You have razor-sharp teeth.
You have supernaturally acute eyesight.
You are carnivorous and can eat meat at any time.
You cover ground quickly.
You are covered in fur (AC +1).
You have a slow metabolism.
Your sharp claws are effective at attacking unaware monsters.


Message History

You now have 39 gold pieces (gained 14).
A goblin comes into view.
You see here a scroll labeled YPIRUD DAEMU.
A goblin is nearby!
A goblin is nearby!
A goblin is nearby!
The goblin shouts!
A hobgoblin comes into view. It is wielding a club.
The goblin throws a stone.
The stone misses you. The goblin completely misses you.
You barely miss the goblin. You bite the goblin, but do no damage.
The goblin misses you.
You closely miss the goblin. The hobgoblin hits you with a club.
The goblin hits you.
* * * LOW HITPOINT WARNING * * *
You are too injured to fight recklessly!
A red film seems to cover your vision as you go berserk!
You feel yourself moving faster!
You feel mighty!
You feel somewhat less full. The hobgoblin hits you with a club.
You die...

##....# ######.....##
.............#####
#######...........
############...######.
............#.#?(#
.###########.#.#.# .#
##.##.####.## ##
#...@g......
####g####... #.# #..
###


You could see a hobgoblin and a goblin.

Vanquished Creatures
  A worm (D:2)
  A dart slug (D:1)
  A giant gecko (D:2)
  2 giant cockroaches
  A hobgoblin (D:1)
  2 kobolds (D:1)
  A quokka (D:2)
  4 bats (D:1)
  4 goblins
  3 rats
20 creatures vanquished.

Notes
Turn   | Place    | Note
--------------------------------------------------------------
     0 | D:1      | oplop the Felid Berserker began the quest for the Orb.
     0 | D:1      | Reached XP level 1. HP: 10/10 MP: 2/2
   694 | D:1      | Reached XP level 2. HP: 14/14 MP: 3/3
  1023 | D:2      | Reached skill level 1 in Stealth
  1025 | D:2      | Reached ** piety under Trog
  1190 | D:2      | Slain by a hobgoblin

Skill      XL: |  1  2 |
---------------+-------+-----
Stealth        | 1 |  1.1
Fighting       | |  3.3
Dodging        | |  4.7
Unarmed Combat | |  3.2

Action                   || total
-------------------------++-------
Melee: Unarmed           ||    40
       Bite              ||     6
       Punch             ||     1
Invok: Berserk           ||     3
 Stab: Sleeping          ||     6
  Eat: Chunk             ||     8
Armor: Skin              ||     2
Dodge: Dodged            ||    28
